 Dungeon Crawl Stone Soup version 0.30-a0-808-g6e0788376e (webtiles) character file.

Game seed: 13530651214747648632

47 Nacht the Digger (level 3, -1/31 HPs)
             Began as an Ogre Earth Elementalist on Feb 27, 2023.
             Succumbed to an adder's poison
             ... on level 3 of the Dungeon.
             The game lasted 00:01:41 (2036 turns).

Nacht the Digger (Ogre Earth Elementalist)          Turns: 2036, Time: 00:01:42

Health: -1/31      AC:  3    Str: 10 (12) XL:     3   Next: 70%
Magic:  4/6        EV:  9    Int: 16 (18) God:
Gold:   134        SH:  0    Dex:  6 (9)  Spells: 0/6 levels left

rFire   . . .      SeeInvis .    (no weapon)
rCold   . . .      Faith    .    (no shield)
rNeg    . . .      Spirit   .    a - +0 robe
rPois   .          Reflect  .    (helmet restricted)
rElec   .          Harm     .    (no cloak)
rCorr   .          Rampage  .    (gloves unavailable)
Will    .....                    (boots unavailable)
Stlth   +                        (no amulet)
HPRegen 0.25/turn                (no ring)
MPRegen 0.10/turn                (no ring)

@: lethally poisoned (-1 -> -9), hasted, invisible, very quick
A: large, unfitting armour, tough skin 1
a: no special abilities


You were on level 3 of the Dungeon.
You visited 1 branch of the dungeon, and saw 3 of its levels.

You collected 134 gold pieces.

Inventory:

Missiles
 j - 7 poisoned darts
Armour
 a - a +0 robe (worn)
Jewellery
 g - an amulet of the acrobat
Wands
 l - a wand of paralysis (10)
Scrolls
 f - a scroll of magic mapping {unknown}
 i - 2 scrolls of identify {unknown}
 k - 3 scrolls of teleportation {unknown}
Potions
 e - 2 potions of attraction {unknown}
 h - a potion of mutation {unknown}


   Skills:
 - Level 1.7 Dodging
 - Level 1.4 Stealth
 - Level 2.4 Spellcasting
 + Level 1.9 Conjurations
 - Level 0.8 Transmutations
 + Level 3.5 Earth Magic


You couldn't memorise any spells.
You knew the following spells:

 Your Spells              Type           Power      Damage    Failure   Level
a - Sandblast             Erth           26%        2d8       4%          1
b - Stone Arrow           Conj/Erth      20%        3d8       19%         3
w - Passwall              Tmut/Erth      6%         N/A       12%         2

Your spell library contained the following spells:

 Spells                   Type           Power      Damage    Failure   Level
 Hailstorm                Conj/Ice       5%         3d4       36%         3
 Petrify                  Tmut/Erth      8%         N/A       63%         4
 Ice Form                 Ice/Tmut       3%         N/A       86%         4
 Simulacrum               Ice/Necr       0%         N/A       100%        6


Dungeon Overview and Level Annotations

Branches:
Dungeon (3/15)

Altars:
Makhleb

Shops:
D:1 !


Innate Abilities, Weirdness & Mutations

You are too large for most types of armour.
You have tough skin. (AC +1)


Message History

An orc comes into view. It is wielding a +0 whip.
The adder bites you.
Casting: Sandblast (safe; 4% risk of failure)
Confirm with . or Enter, or press ? or * to list all spells.
Aiming: Sandblast (safe; 4% risk of failure)
Press: ? - help, Shift-Dir - straight line, f/p - adder
Aim: an adder (70% to hit)
The blast of sand hits the adder!
The adder is almost dead.
The orc shouts!
The adder bites you.
You are poisoned.
The adder poisons you! The orc hits you with a +0 hand axe.
The adder bites you but does no damage. The orc hits you with a +0 hand axe.
The orc attacks as you move away! The orc hits you with a +0 hand axe.
You feel sick. The adder attacks as you move away! The adder bites you.
You feel sick.
You feel sick.
The frilled lizard unfolds its giant frill.
The adder bites you.
* * * LOW HITPOINT WARNING * * *
You are lethally poisoned!
The adder poisons you!
* * * LOW HITPOINT WARNING * * *
You feel very sick.
It was a potion of haste.
You feel yourself speed up.
* * * LOW HITPOINT WARNING * * *
You feel sick. The adder bites you.
* * * LOW HITPOINT WARNING * * *
It was a potion of degeneration.
There was something very wrong with that liquid.
You feel weakened.
You feel dopey.
You feel clumsy.
* * * LOW HITPOINT WARNING * * *
You feel sick. The adder bites you.
* * * LOW HITPOINT WARNING * * *
You are more poisoned.
The adder poisons you!
It was a potion of invisibility.
You fade into invisibility!
You die...

...o... ..#
.......#..#
....l.....##...
......ol......(
.... #.#.#
.....##o#.#
#..oo..# ####S###
#######@#
...>....########
.#
.#######.......#
.# #.###>#.##.#
#.##.###...#
#.##..#...###
#.##.#......♣♣♣♣♣
#..........♣.....
####.###...♣.≈≈≈≈


You could see an adder (unable to see you), 4 orcs and a frilled lizard (unable
to see you).

Vanquished Creatures
  2 worms
  A dart slug (D:1)
  5 ball pythons
  5 endoplasms
  2 giant cockroaches (D:1)
  6 goblins
  4 kobolds
  A quokka (D:1)
  5 bats
  3 frilled lizards (D:2)
  2 rats
36 creatures vanquished.

Notes
Turn   | Place    | Note
-------+----------+-------------------------------------------
     0 | D:1      | Nacht the Ogre Earth Elementalist began the quest for the
                  | Orb.
     0 | D:1      | Reached XP level 1. HP: 16/16 MP: 3/3
   169 | D:1      | Found Gyhiusk's Distillery.
   316 | D:1      | Reached skill level 3 in Earth Magic
   316 | D:1      | Reached XP level 2. HP: 24/24 MP: 3/5
   319 | D:1      | Reached skill level 1 in Conjurations
   428 | D:1      | You fall into a shaft and drop 1 floor!
   550 | D:2      | Found a faded altar of an unknown god.
   635 | D:2      | Reached XP level 3. HP: 26/31 MP: 3/6
   675 | D:2      | Learned a level 2 spell: Passwall
   679 | D:2      | Learned a level 3 spell: Stone Arrow
  1947 | D:3      | Found a burning altar of Makhleb.
  2035 | D:3      | HP: 1/31 [adder (2)]
  2036 | D:3      | Succumbed to an adder's poison

Illustrated notes

Levels and vault maps discovered:
D:1:      tarquinn_simple_flora_water_b, layout_loops_ring, serial_shops,
          nicolae_shop_trees, minmay_tree_intersection, kennysheep_flooded_box
D:2:      layout_loops_corners, shapermc_ecumenical_altar_totnotflames,
          kennysheep_potato
D:3:      layout_loops_cross, mainiacjoe_overflow_paths, gup_sewer_entry_glass

Skill      XL: |  1  2 |
---------------+-------+-----
Earth Magic    | 3 |  3.5
Conjurations   | 1 |  1.9
Dodging        | |  1.7
Stealth        | |  1.4
Spellcasting   | |  2.4
Transmutations | |  0.8

Action                     || total
---------------------------++-------
  Melee: Unarmed           ||     5
   Cast: Sandblast         ||    59
    Use: Potion            ||     4
 Armour: Robe              ||    14
  Dodge: Dodged            ||    20

Table legend: (Time is in decaauts)
 A = Elapsed time spent in this place.
 B = Non-inter-level travel time spent in this place.
 C = Inter-level travel time spent in this place.
 D = Time resting spent in this place.
 E = Time spent auto-exploring this place.
 F = Levels seen in this place.
 G = Mean time per level.
                   A        B        C        D        E       F      G
               +--------+--------+--------+--------+--------+-----+--------+
         Total |   2064 |   2027 |     37 |      0 |   1785 |   3 |  688.0 |
       Dungeon |   2064 |   2027 |     37 |      0 |   1785 |   3 |  688.0 |
               +--------+--------+--------+--------+--------+-----+--------+

Top non-repeatable levels by time:
     D:2: 1060 daAuts
     D:1: 913 daAuts
     D:3: 91 daAuts
